[Event "Early-Titled-Tuesday-Blitz-May-14-2024"]
[Site "Chess.com"]
[Date "2024.05.14"]
[Round "4"]
[White "Flaccidmoves"]
[Black "The_Machine04"]
[Result "0-1"]
[WhiteElo "2427"]
[BlackElo "2671"]
[TimeControl "180+1"]
[EndTime "8:40:56 PDT"]
[Termination "The_Machine04 won by resignation"]

1. Nf3 d6 2. d4 Nf6 3. c4 g6 4.
Nc3 Bf5 5. g3 Ne4 6. Qb3 Nxc3 7.
Qxc3 Bg7 8. Bg2 Be4 9. O-O O-O 10. Qb3 c5 11. d5 Nd7 12. Qxb7 Rb8 13. Qxa7 Bxb2 14.
Bxb2 Rxb2 15. Bh3 Bxf3 16. exf3 Ne5 17. f4 Nxc4 18. Rfe1 Re8 19. Bd7 Qb8 20. Qxb8 Rexb8 21. Rxe7 Rd2 22. a4 Rbb2 23. Bb5 Nb6 24. Bf1 Nxd5 25. Re8+ Kg7 26. a5 Ra2 27. Rxa2 Rxa2 28. a6 Nb4 29. Rd8 d5 30. Rd7 c4 31. a7 c3 32. Rc7 c2 33.
Kg2 Rxa7 34. Rc5 Ra1 35. Be2 c1=Q 0-1

[Event "Early-Titled-Tuesday-Blitz-May-14-2024"]
[Site "Chess.com"]
[Date "2024.05.14"]
[Round "4"]
[White "LeoLV10"]
[Black "PeshkaCh"]
[Result "0-1"]
[WhiteElo "2514"]
[BlackElo "2874"]
[TimeControl "180+1"]
[EndTime "8:40:56 PDT"]
[Termination "PeshkaCh won by resignation"]

1. e4 e5 2. Nf3 Nc6 3. Bb5 a6 4. Ba4 Nge7 5. c3 Ng6 6. h4 Be7 7. h5 Nf4 8. d4 Nxg2+ 9. Kf1 Nh4 10. Nxh4 Bxh4 11. Qg4 Bf6 12. d5 d6 13. Qe2 b5 14.
Bc2 Ne7 15. a4 Bd7 16. axb5 axb5 17. Rxa8 Qxa8 18. Na3 Qb7 19. Bd2 c6 20. dxc6 Bxc6 21. Bd3 O-O 22. Nxb5 d5 23. exd5 Bxd5 24. Rg1 e4 25. Bc4 Rb8 26. Bxd5 Qxd5 27. c4 Qf5 28. b3 Qh3+ 29. Ke1 Qxb3 30. Qxe4 Rd8 31. Ke2 Qb2 32. Rd1 Nd5 33. cxd5 Qxb5+ 34. Qd3 Qxd3+ 35. Kxd3 Rxd5+ 36. Ke2 Rxh5 37. Bf4 h6 38. Rb1 Rf5 39. Rb8+ Kh7 40. Be3 Re5 41. Rb7 Kg6 42. f4 Re7 43. Kf3 Rxb7 0-1

[Event "Early-Titled-Tuesday-Blitz-May-14-2024"]
[Site "Chess.com"]
[Date "2024.05.14"]
[Round "4"]
[White "chessdjw"]
[Black "ReinisUz"]
[Result "0-1"]
[WhiteElo "2752"]
[BlackElo "2431"]
[TimeControl "180+1"]
[EndTime "8:40:56 PDT"]
[Termination "ReinisUz won by checkmate"]

1. e4 e5 2. Nf3 Nc6 3. Bc4 Bc5 4. c3 Nf6 5. d3 O-O 6. O-O d6 7. Nbd2 a6 8. a4 Re8 9. h3 Be6 10. Bxe6 Rxe6 11. b4 Ba7 12. Qc2 h6 13. Rd1 Nh5 14.
Nf1 Rg6 15. Rb1 Qf6 16. Qe2 Nd8 17. Nxe5 dxe5 18. d4 Nf4 19. Bxf4 Qxf4 20. g3 Qg5 21. Ne3 Ne6 22. Nf5 exd4 23. cxd4 Rd8 24. h4 Qf6 25. h5 Rg5 26. d5 Nd4 27. Nxd4 Bxd4 28. Kg2 Re8 29.
Rbc1 Qe5 30. Rc4 Ba7 31. Rdc1 f5 32. Rxc7 Qxe4+ 33. Qxe4 Rxe4 34. Rxb7 Bd4 35. Rc8+ Kh7 36. Rbb8 Rxh5 37. Rh8+ Kg6 38. Ra8 Re2 39. Rxa6+ Kf7 40.
g4 Rxf2+ 41. Kg3 f4# 0-1

[Event "Early-Titled-Tuesday-Blitz-May-14-2024"]
[Site "Chess.com"]
[Date "2024.05.14"]
[Round "4"]
[White "fandebobbyfischer"]
[Black "Kimkibo"]
[Result "0-1"]
[WhiteElo "2700"]
[BlackElo "2427"]
[TimeControl "180+1"]
[EndTime "8:40:56 PDT"]
[Termination "Kimkibo won by resignation"]

1. e4 e6 2. d4 d5 3. Nd2 c5 4.
exd5 exd5 5. Ngf3 Nc6 6. Bb5 Nf6 7. O-O cxd4 8. Nxd4 Bd7 9. Re1+ Be7 10. N2f3 O-O 11. Bf4 Ne4 12. c3 Bf6 13. Bd3 Re8 14. Qc2 Nxd4 15. Nxd4 Rc8 16. Bxe4 dxe4 17. Rxe4 Bxd4 18. Rxd4 Qe7 19. h3 Bc6 20. Rad1 h6 21. Bg3 Qe2 22. R1d2 Qe1+ 23. Kh2 Qf1 24. f3 a6 25. Qf5 Qb5 26. Qg4 Qc5 27. Bd6 Qb5 28. a4 Qb6 29. Be5 g6 30. Qf4 Qc5 31. Re2 Qe7 32. Rd6 Qg5 33. Qxg5 hxg5 34. a5 Re7 35. f4 Rce8 36.
Rdd2 f6 37. fxg5 fxe5 38. Rxe5 0-1

[Event "Early-Titled-Tuesday-Blitz-May-14-2024"]
[Site "Chess.com"]
[Date "2024.05.14"]
[Round "4"]
[White "Rud_Makarian"]
[Black "js20000"]
[Result "1-0"]
[WhiteElo "2956"]
[BlackElo "2754"]
[TimeControl "180+1"]
[EndTime "8:40:57 PDT"]
[Termination "Rud_Makarian won by resignation"]

1. c4 g6 2. Nc3 Bg7 3. d4 c5 4. d5 Bxc3+ 5. bxc3 e5 6. dxe6 dxe6 7.
Qxd8+ Kxd8 8. Nf3 Ke7 9. g4 b6 10. Bg2 Bb7 11. g5 Nc6 12. Bf4 h6 13. h4 hxg5 14.
hxg5 Rxh1+ 15. Bxh1 Na5 16. O-O-O Rd8 17. Nd2 Bxh1 18.
Rxh1 e5 19. Bxe5 Ke6 20. f4 Ne7 21. Bf6 Rd7 22. e4 Ng8 23. Be5 f5 24. gxf6 Nxf6 25. Rh6 Kf7 26. Kc2 Ng4 27. Rh7+ Ke8 28. Rh8+ Kf7 29.
Rh7+ Ke8 30. Rxd7 Kxd7 31. Bg7 Ke6 32. Kd3 Kf7 33. Bh8 Nf2+ 34. Ke2 Ng4 35. Kf3 Nh6 36. Be5 Ng8 37. f5 Ne7 38. Kf4 gxf5 39. exf5 Nec6 40.
Ke4 Ke7 41. Kd5 Nd8 42. Ne4 Nf7 43. Bb8 a6 44. Bc7 Kd7 45. Bxb6 Nb7 46. Nxc5+ 1-0

[Event "Early-Titled-Tuesday-Blitz-May-14-2024"]
[Site "Chess.com"]
[Date "2024.05.14"]
[Round "4"]
[White "vasblesk"]
[Black "KononenkoD"]
[Result "0-1"]
[WhiteElo "2802"]
[BlackElo "2619"]
[TimeControl "180+1"]
[EndTime "8:40:57 PDT"]
[Termination "KononenkoD won on time"]

1. c4 c5 2. Nc3 Nc6 3. g3 g6 4.
Bg2 Bg7 5. Nf3 d6 6. O-O Bf5 7. d3 Qd7 8. Re1 Bh3 9. Bh1 h5 10. Ng5 h4 11. Nxh3 hxg3 12. Nf4 gxf2+ 13. Kxf2 Rxh2+ 14.
Kg1 Rh4 15. e3 Nh6 16. Bxc6 bxc6 17. Qf3 Nf5 18. Ne4 O-O-O 19. Nf2 Rdh8 20. Rb1 g5 21. Ng2 g4 22. Nxg4 Rh3 23. Qf4 e5 24. Qe4 Ng3 25. Qf3 f5 26. Nf2 e4 27. Qd1 R3h6 28.
dxe4 fxe4 29. Bd2 Be5 30. Bc3 Qf7 31. Rf1 Rh1+ 0-1

[Event "Early-Titled-Tuesday-Blitz-May-14-2024"]
[Site "Chess.com"]
[Date "2024.05.14"]
[Round "4"]
[White "Matibar"]
[Black "JiaHaoxiang"]
[Result "0-1"]
[WhiteElo "2779"]
[BlackElo "2611"]
[TimeControl "180+1"]
[EndTime "8:40:57 PDT"]
[Termination "JiaHaoxiang won by resignation"]

1. e4 c5 2. Nf3 d6 3. c3 Nf6 4. Bd3 Bg4 5. h3 Bxf3 6. Qxf3 Nc6 7. Bb5 Qb6 8. Na3 a6 9. Ba4 Qa5 10. Bxc6+ bxc6 11. e5 Nd5 12. exd6 exd6 13. O-O Be7 14. Re1 Ra7 15. Nc4 Qd8 16. d3 O-O 17. a4 Bf6 18. a5 Re8 19. Rxe8+ Qxe8 20. Bd2 Qd8 21.
Re1 Re7 22. Re4 h6 23. Qg3 Rd7 24. Bxh6 Ne7 25. Nb6 Nf5 26. Qf3 Nxh6 27. Nxd7 Qxd7 28. Qe2 g6 29. Re8+ Kg7 30. Rb8 Be5 31. Rb6 Qc8 32. d4 cxd4 33. cxd4 Bxd4 34. Rxa6 Qb7 35. b4 Nf5 36. g3 Nxg3 37. Qc4 Nf5 38. Rxc6 d5 39.
Qxd5 Qxb4 40. Rc7 Qe1+ 0-1

[Event "Early-Titled-Tuesday-Blitz-May-14-2024"]
[Site "Chess.com"]
[Date "2024.05.14"]
[Round "4"]
[White "Timerkhanov"]
[Black "LoaySameer"]
[Result "1-0"]
[WhiteElo "2710"]
[BlackElo "2542"]
[TimeControl "180+1"]
[EndTime "8:40:58 PDT"]
[Termination "Timerkhanov won by resignation"]

1. d4 Nf6 2. Bg5 g6 3. Bxf6 exf6 4. e3 Bg7 5. g3 O-O 6. Bg2 d5 7. Ne2 c6 8. O-O f5 9. Nd2 Nd7 10. c4 Nf6 11. Nf4 Be6 12. cxd5 Bxd5 13. Nxd5 Nxd5 14.
Qb3 Qd7 15. Bxd5 cxd5 16. Rac1 f4 17. exf4 Bxd4 18. Nf3 Bg7 19. Rfd1 Rfd8 20. Rd3 a5 21. a4 d4 22. Rcd1 Ra6 23. Ng5 h6 24. Rxd4 Bxd4 25.
Rxd4 hxg5 26. Rxd7 Rxd7 27. fxg5 Re6 28. Qb5 Rd2 29.
Qxb7 Ree2 30. Qb8+ Kg7 31. Qf4 Rxb2 32. h4 Rec2 33.
Qf6+ Kg8 34. Qd8+ Kg7 35. Qd4+ Kg8 36. Qa7 Ra2 37. Qa8+ Kg7 38. Qf3 Rxa4 39. Qf6+ Kg8 40. h5 gxh5 41. g6 fxg6 42. Qxg6+ Kf8 43. Qxc2 1-0

[Event "Early-Titled-Tuesday-Blitz-May-14-2024"]
[Site "Chess.com"]
[Date "2024.05.14"]
[Round "4"]
[White "PawnEatingZombie"]
[Black "Casper"]
[Result "0-1"]
[WhiteElo "2271"]
[BlackElo "2499"]
[TimeControl "180+1"]
[EndTime "8:40:58 PDT"]
[Termination "Casper won on time"]

1. e4 Nc6 2. Nf3 g6 3. c3 d5 4.
exd5 Qxd5 5. d4 Bg4 6. Be2 e5 7. dxe5 O-O-O 8. Qxd5 Rxd5 9. Bf4 Bg7 10. Nbd2 Nge7 11. O-O-O Nxe5 12. Bxe5 Bxe5 13. h3 Bf5 14. Nxe5 Rxe5 15. Rhe1 Nc6 16. Bf3 Rc5 17. Bxc6 Rxc6 18. Nf3 Ra6 19. a3 Rf6 20. Nd4 Bd7 21. f3 h5 22. h4 a5 23. Re7 Kd8 24. Nc6+ Rxc6 25. Rdxd7+ Kc8 26. Rxf7 Re8 27. Rfe7 Rf8 28. Rf7 Re8 29.
Kd2 Re5 30. Rde7 Rd5+ 31. Kc2 b6 32. a4 Kb7 33. Rg7 Rf5 34. Rgf7 Rfc5 35. g4 Rc4 36. gxh5 gxh5 37. f4 Rxa4 38. Re5 Ra2 39. Kb3 Ra1 40. Rxh5 a4+ 41. Kc2 Rh1 42. Rhh7 Rh2+ 43. Kb1 b5 44.
Ka2 Kb6 45. h5 b4 46. cxb4 Rcc2 0-1

[Event "Early-Titled-Tuesday-Blitz-May-14-2024"]
[Site "Chess.com"]
[Date "2024.05.14"]
[Round "4"]
[White "DonJuanEGenaro"]
[Black "rhwr"]
[Result "0-1"]
[WhiteElo "2004"]
[BlackElo "2330"]
[TimeControl "180+1"]
[EndTime "8:40:58 PDT"]
[Termination "rhwr won on time"]

1. Nf3 Nf6 2. d4 g6 3. Bf4 Bg7 4. e3 O-O 5. Be2 d6 6. O-O Nbd7 7. c3 Re8 8. h3 c6 9. c4 Qb6 10. b3 e5 11. Bh2 e4 12. Nfd2 d5 13. Nc3 Qa5 14.
Qc2 a6 15. a3 b5 16. b4 Qd8 17.
cxd5 cxd5 18. Qb3 Nb6 19. a4 Nc4 20. Nxc4 bxc4 21. Qa2 a5 22. Rfb1 axb4 23. Rxb4 Bf8 24. Rb5 Bd7 25. Rxd5 Nxd5 26. Nxd5 Rxa4 27. Qb2 Rxa1+ 28.
Qxa1 Qa8 29. Qxa8 Rxa8 30. g4 Ra1+ 31. Kg2 Bg7 32. Bxc4 Be6 33. Nb6 Bxc4 34. Nxc4 f5 35. gxf5 gxf5 36. Nd6 Ra5 37. Bf4 Bf8 38. Nc4 Ra1 39. Kg3 Rg1+ 40. Kh4 Kg7 41. Kh5 Kg8 42. Bg5 Rg2 43. h4 Rxf2 0-1

[Event "Early-Titled-Tuesday-Blitz-May-14-2024"]
[Site "Chess.com"]
[Date "2024.05.14"]
[Round "4"]
[White "GMAneta"]
[Black "KnightDuta"]
[Result "0-1"]
[WhiteElo "2555"]
[BlackElo "2726"]
[TimeControl "180+1"]
[EndTime "8:40:59 PDT"]
[Termination "KnightDuta won on time"]

1. d4 Nf6 2. Nf3 g6 3. c4 Bg7 4. g3 O-O 5. Bg2 c6 6. O-O d5 7. cxd5 cxd5 8. Ne5 Nc6 9. Nxc6 bxc6 10. Nc3 Bf5 11. Bf4 Ne4 12. Nxe4 dxe4 13. e3 c5 14. dxc5 Qxd1 15. Raxd1 e5 16. Bg5 f6 17. g4 Bxg4 18. Bh4 Bxd1 19. Rxd1 g5 20. Bxe4 gxh4 21. Bd5+ Kh8 22. Bxa8 Rxa8 23. c6 f5 24. b4 Kg8 25.
b5 Bf6 26. Rd6 Kf7 27. Rd7+ Ke6 28. a4 Bd8 29. Rxh7 Bb6 30. Rg7 h3 31. Rh7 Rd8 32.
Rxh3 Rd1+ 33. Kg2 Ra1 34. Rh4 e4 0-1

[Event "Early-Titled-Tuesday-Blitz-May-14-2024"]
[Site "Chess.com"]
[Date "2024.05.14"]
[Round "4"]
[White "Gareth-Bale11"]
[Black "TheAlienParty"]
[Result "1-0"]
[WhiteElo "2896"]
[BlackElo "2425"]
[TimeControl "180+1"]
[EndTime "8:40:59 PDT"]
[Termination "Gareth-Bale11 won by checkmate"]

1. e4 e5 2. Nf3 Nc6 3. Bb5 a6 4. Ba4 d6 5. Bxc6+ bxc6 6. d4 exd4 7.
Nxd4 c5 8. Nc6 Qd7 9. Na5 Nf6 10. Nc3 Be7 11. O-O O-O 12. Re1 Rd8 13. b3 c6 14. Nc4 Qe6 15. Bf4 Ra7 16. Qf3 Qg4 17.
Qxg4 Bxg4 18. e5 Nd5 19. Nxd5 cxd5 20. exd6 dxc4 21. dxe7 Re8 22. Bd6 cxb3 23. axb3 Bf5 24. Bxc5 Rc7 25. b4 Bxc2 26. Rxa6 f6 27. Rd6 Ba4 28.
Rd8 Kf7 29. Ra1 Bb5 30. f3 f5 31. f4 Bc6 32. Kf2 h6 33. h4 Rb7 34. g3 Rexe7 35. Bxe7 Kxe7 36. Rd4 Be4 37. g4 g6 38. g5 hxg5 39. hxg5 Rc7 40. Ra6 Kf7 41. Rf6+ Kg7 42. b5 Rc2+ 43. Ke1 Rc1+ 44. Kd2 Rc2+ 45. Kd1 Rb2 46.
Rd7+ Kg8 47. b6 Rb1+ 48. Kd2 Rb2+ 49. Kc3 Rc2+ 50. Kb3 Rf2 51. Rxg6+ Kf8 52. Rh6 Ke8 53. Rc7 Rf3+ 54. Kb4 Rxf4 55. Rh8# 1-0

[Event "Early-Titled-Tuesday-Blitz-May-14-2024"]
[Site "Chess.com"]
[Date "2024.05.14"]
[Round "4"]
[White "DvaHrasta"]
[Black "MdChess1734"]
[Result "0-1"]
[WhiteElo "2538"]
[BlackElo "2382"]
[TimeControl "180+1"]
[EndTime "8:41:00 PDT"]
[Termination "MdChess1734 won on time"]

1. c4 c5 2. g3 Nf6 3. Bg2 d5 4. cxd5 Nxd5 5. Nc3 Nc7 6. Nf3 Nc6 7. O-O e5 8. d3 Be7 9. Nd2 Bd7 10. Nc4 f6 11. f4 b5 12. Ne3 exf4 13. gxf4 O-O 14. Ned5 Rb8 15. e4 Bd6 16. Nxc7 Qxc7 17. Be3 Be6 18. Nd5 Bxd5 19. exd5 Ne7 20. Be4 f5 21. Bg2 Rbe8 22. Rc1 Ng6 23. Qf3 c4 24. dxc4 Rxe3 25. Qd1 Bxf4 26. cxb5 Qb6 27. Kh1 Qxb5 28. d6 Rd3 29. Qe2 Bxc1 30. Qe6+ Kh8 31. Rxc1 Qe5 32. Qc4 Qxd6 33. Rg1 Nf4 34. Bf1 Rd4 35. Qb3 Qc6+ 36. Bg2 Nxg2 37. Rxg2 Rfd8 38. h3 Rd2 0-1

[Event "Early-Titled-Tuesday-Blitz-May-14-2024"]
[Site "Chess.com"]
[Date "2024.05.14"]
[Round "4"]
[White "HamedWafa4"]
[Black "laiciffOneslraCsungaM"]
[Result "0-1"]
[WhiteElo "2653"]
[BlackElo "2422"]
[TimeControl "180+1"]
[EndTime "8:41:01 PDT"]
[Termination "laiciffOneslraCsungaM won on time"]

1. d4 Nf6 2. Nf3 d6 3. Nc3 Bf5 4. Nh4 Bg4 5. h3 Bc8 6. e4 Nbd7 7. Nf3 e5 8. g4 exd4 9. Nxd4 g6 10. Bg2 Bg7 11. O-O O-O 12. Re1 c6 13.
a4 a5 14. Bf4 Ne5 15. Bg3 Re8 16. f4 Nc4 17. Rb1 Qb6 18. Bf2 Qb4 19. Na2 Qxa4 20.
Nc1 c5 21. b3 Qd7 22. bxc4 cxd4 23. Bxd4 a4 24. Na2 Qc7 25. Qd3 h5 26. g5 Nd7 27.
Bxg7 Kxg7 28. Nb4 a3 29. Nd5 Qc5+ 30. Kh1 Ra4 31. Qc3+ Kg8 32. Bf1 b6 33. Rb5 Qf2 34.
Ra1 Rxe4 35. Bg2 Re2 36. Rg1 a2 0-1

[Event "Early-Titled-Tuesday-Blitz-May-14-2024"]
[Site "Chess.com"]
[Date "2024.05.14"]
[Round "4"]
[White "Buzhizhebuguai"]
[Black "manmanlai1"]
[Result "1-0"]
[WhiteElo "2773"]
[BlackElo "2589"]
[TimeControl "180+1"]
[EndTime "8:41:02 PDT"]
[Termination "Buzhizhebuguai won on time"]

1. d4 Nf6 2. Nf3 e6 3. Bf4 g6 4. e3 Bg7 5. h3 O-O 6. Be2 b6 7. a4 a5 8. O-O Bb7 9. Na3 d6 10. c3 Nbd7 11. Bh2 Ne4 12. Nb5 f5 13. Re1 Ndf6 14. Bc4 Qe7 15. Nd2 Nxd2 16. Qxd2 Bd5 17. Qe2 g5 18. f3 g4 19. hxg4 fxg4 20. e4 Bxc4 21. Qxc4 gxf3 22. gxf3 Rf7 23. e5 dxe5 24. Rxe5 Nd5 25. Re2 Kh8 26. Rae1 Rg8 27. Kh1 Rxf3 28. Qxd5 Qf7 29. Qe4 Rf1+ 30. Bg1 Rf4 31. Qe3 Rf3 32.
Qxe6 Qf4 33. Rh2 Rg3 34. Qe4 Qxe4+ 35. Rxe4 Bf6 36. Bf2 Rd3 37. Rg2 Rd1+ 38. Kh2 Rxg2+ 39. Kxg2 Rd2 40. b4 1-0

[Event "Early-Titled-Tuesday-Blitz-May-14-2024"]
[Site "Chess.com"]
[Date "2024.05.14"]
[Round "4"]
[White "Levanzovsky"]
[Black "Maluco_do_Natal_00"]
[Result "1-0"]
[WhiteElo "2554"]
[BlackElo "2040"]
[TimeControl "180+1"]
[EndTime "8:41:02 PDT"]
[Termination "Levanzovsky won on time"]

1. Nf3 d5 2. c4 c6 3. b3 Nf6 4.
Bb2 g6 5. Bxf6 exf6 6. cxd5 cxd5 7. e3 Bg7 8. d4 O-O 9. Be2 f5 10. O-O Nc6 11. Nc3 Re8 12. g3 a6 13. Rc1 Be6 14. Ne1 f4 15. gxf4 Bh3 16. Ng2 Qd7 17. Bf3 Ne7 18. b4 b5 19. Qb3 Red8 20. Rfd1 Rac8 21.
Nb1 Bg4 22. Nd2 Be6 23. Rc5 Rxc5 24. bxc5 Nf5 25. Nf1 Bf6 26. Ng3 Nh4 27. Nxh4 Bxh4 28. Ra1 Bg4 29. Bg2 Bh3 30. a4 Bxg2 31. Kxg2 Bxg3 32.
hxg3 bxa4 33. Qxa4 Qe6 34. Qxa6 Qe4+ 35. Kg1 Rb8 36.
Qe2 h5 37. Rc1 h4 38. gxh4 Kg7 39. c6 Rh8 40. c7 Qe6 41. Qf3 1-0

[Event "Early-Titled-Tuesday-Blitz-May-14-2024"]
[Site "Chess.com"]
[Date "2024.05.14"]
[Round "4"]
[White "SHIVACalypso"]
[Black "JeFumeDesClopes"]
[Result "0-1"]
[WhiteElo "2553"]
[BlackElo "2717"]
[TimeControl "180+1"]
[EndTime "8:41:03 PDT"]
[Termination "JeFumeDesClopes won on time"]

1. Nf3 g6 2. c4 Bg7 3. g3 c5 4.
Bg2 Nc6 5. Nc3 d6 6. O-O e5 7. Ne1 Nge7 8. Nc2 Be6 9. Ne3 O-O 10. Ned5 a6 11. d3 Rb8 12. a4 h6 13. Bd2 f5 14.
Qc1 Kh7 15. Rb1 Nd4 16. b4 e4 17. Nxe7 Qxe7 18. bxc5 dxc5 19. dxe4 Bxc4 20. exf5 Rxf5 21. Be3 b5 22. Bxd4 cxd4 23. Ne4 Bxe2 24. Re1 d3 25. Qd2 b4 26. g4 Re5 27. Ng3 a5 28. Bf1 Re8 29.
Bxe2 dxe2 30. h3 Re6 31. Rb3 Bc3 32. Rxc3 bxc3 33. Qxc3 Qb4 34. Qc7+ R8e7 35. Qc1 Qxa4 36. Qd2 Qb4 37. Qc1 a4 38. Kg2 a3 39. Qa1 a2 40.
g5 Qxe1 41. Qxe1 a1=Q 42. Qxa1 e1=Q 0-1

[Event "Early-Titled-Tuesday-Blitz-May-14-2024"]
[Site "Chess.com"]
[Date "2024.05.14"]
[Round "4"]
[White "crazy_but_lazy"]
[Black "ChessSG1"]
[Result "1-0"]
[WhiteElo "2683"]
[BlackElo "2478"]
[TimeControl "180+1"]
[EndTime "8:41:03 PDT"]
[Termination "crazy_but_lazy won by checkmate"]

1. d4 Nf6 2. Nf3 c5 3. e3 g6 4. b3 cxd4 5. exd4 Bg7 6. Bd3 d5 7.
O-O O-O 8. Re1 Nc6 9. Bb2 Nb4 10. Be2 Bf5 11. Na3 Ne4 12. c3 Nc6 13. Nc2 Rc8 14.
Ne3 Be6 15. Rc1 Qa5 16. a4 Qb6 17. Bd3 Na5 18. b4 Nd6 19. Ng5 Nac4 20. Nxc4 Nxc4 21. Bxc4 Rxc4 22. Nxe6 fxe6 23. Qe2 Bh6 24. Rc2 Rf6 25.
Bc1 Bxc1 26. Rexc1 Qa6 27. a5 Qc6 28. h3 a6 29. Qd3 Qd6 30. Re1 Rc8 31. Re3 Rcf8 32. Rce2 Qc6 33. h4 Qa4 34. g3 Qa1+ 35. Kg2 Qc1 36.
Rxe6 Rxe6 37. Rxe6 Rc8 38. Re3 Rf8 39. Rxe7 g5 40.
Qxh7# 1-0

[Event "Early-Titled-Tuesday-Blitz-May-14-2024"]
[Site "Chess.com"]
[Date "2024.05.14"]
[Round "4"]
[White "HowTo2Draw"]
[Black "mostafa_sakha"]
[Result "1-0"]
[WhiteElo "2543"]
[BlackElo "2341"]
[TimeControl "180+1"]
[EndTime "8:41:03 PDT"]
[Termination "HowTo2Draw won by resignation"]

1. c4 b6 2. Nf3 Bb7 3. b3 d6 4. Bb2 e5 5. d3 Nf6 6. Nbd2 g6 7. g3 Bg7 8. Bg2 O-O 9. O-O Nbd7 10. b4 Re8 11. a3 Qc8 12. Qb3 e4 13. dxe4 Nxe4 14.
Nxe4 Bxe4 15. Bxg7 Kxg7 16. Qc3+ Kg8 17. Nd4 Bxg2 18. Kxg2 c5 19. Nb5 Ne5 20. Rac1 a6 21. f4 axb5 22. fxe5 Rxe5 23. cxb5 Rxe2+ 24. Rf2 Rxf2+ 25. Kxf2 Qf5+ 26. Kg1 Re8 27. Rf1 Qe6 28. bxc5 dxc5 29. Rf6 Qe2 30. a4 Qd1+ 31. Kg2 Qxa4 32. Rxb6 Re2+ 33.
Kh3 Re8 34. Qxc5 h5 35. Qg5 Qc4 36. Rf6 Qc8+ 37. Kh4 Re4+ 38. Rf4 Re6 39. g4 Qe8 40. gxh5 Re5 41. hxg6 fxg6 42. Qf6 Rh5+ 43. Kg3 Qe3+ 44. Rf3 Qg1+ 45. Kf4 Rf5+ 46. Qxf5 gxf5 47. Rg3+ Qxg3+ 48. hxg3 1-0

[Event "Early-Titled-Tuesday-Blitz-May-14-2024"]
[Site "Chess.com"]
[Date "2024.05.14"]
[Round "4"]
[White "Bilan_Danila"]
[Black "hsd2016"]
[Result "1-0"]
[WhiteElo "2663"]
[BlackElo "2330"]
[TimeControl "180+1"]
[EndTime "8:41:04 PDT"]
[Termination "Bilan_Danila won by checkmate"]

1. d4 d5 2. Nf3 Nf6 3. c4 c6 4. Nc3 dxc4 5. a4 Bf5 6. e3 e6 7. Bxc4 Bb4 8. O-O O-O 9. Qe2 Bg6 10. Ne5 Nbd7 11. Nxg6 hxg6 12. Rd1 Qe7 13. e4 e5 14.
d5 a5 15. Bg5 Nb6 16. Bb3 Rfd8 17. Rd3 Bc5 18. Rad1 Bd4 19. Rf3 Rd6 20. Qc2 Rc8 21.
Qe2 Rcd8 22. h4 Qc7 23. dxc6 bxc6 24. Rc1 Qb7 25. Bxf6 gxf6 26. h5 Kg7 27. Rg3 Rh8 28. hxg6 fxg6 29. Qg4 g5 30. Rh3 Rxh3 31. Qxh3 Nd7 32.
Ne2 Bxb2 33. Rb1 Bd4 34. Ng3 Kf8 35. Qh8+ Ke7 36. Nf5# 1-0

[Event "Early-Titled-Tuesday-Blitz-May-14-2024"]
[Site "Chess.com"]
[Date "2024.05.14"]
[Round "4"]
[White "Kostya0705"]
[Black "luggevoila"]
[Result "1-0"]
[WhiteElo "2578"]
[BlackElo "2331"]
[TimeControl "180+1"]
[EndTime "8:41:04 PDT"]
[Termination "Kostya0705 won by checkmate"]

1. e4 e5 2. Nf3 Nc6 3. Bc4 Nf6 4. d4 exd4 5. e5 d5 6. Bb5 Ne4 7. Nxd4 Bd7 8. Bxc6 bxc6 9. O-O Bc5 10. f3 Ng5 11. f4 Ne4 12. Be3 Bb6 13. Nd2 Nxd2 14.
Qxd2 c5 15. Nf3 Bc6 16. Bf2 O-O 17. a4 a5 18. b3 d4 19. Bh4 Qd5 20. f5 f6 21.
exf6 gxf6 22. Qh6 Qf7 23. Ne5 fxe5 24. Qxc6 Rae8 25. Rf3 e4 26. Rg3+ Kh8 27. Qh6 c4 28. Rh3 d3+ 29. Kh1 Bd4 30. Rd1 cxb3 31. cxd3 e3 32.
f6 e2 33. Re1 b2 34. Rg3 Rg8 35.
Rxg8+ Rxg8 36. Qd2 Rb8 37. Rb1 Qe6 38. Qg5 Rc8 39.
Qg7# 1-0

[Event "Early-Titled-Tuesday-Blitz-May-14-2024"]
[Site "Chess.com"]
[Date "2024.05.14"]
[Round "4"]
[White "chess_sharparchitect"]
[Black "HajiyevKanan"]
[Result "1-0"]
[WhiteElo "2317"]
[BlackElo "2490"]
[TimeControl "180+1"]
[EndTime "8:41:04 PDT"]
[Termination "chess_sharparchitect won by resignation"]

1. c4 c6 2. e4 d5 3. cxd5 cxd5 4. exd5 Nf6 5. Qa4+ Bd7 6. Qb3 Qb6 7. Bc4 Qxb3 8.
Bxb3 Na6 9. d4 Rc8 10. Nc3 Nb4 11. Nf3 g6 12. O-O Nd3 13. Ne5 Nxc1 14. Raxc1 Bh6 15.
Rcd1 O-O 16. Rfe1 Bf5 17. h3 Rc7 18. Nb5 Rc2 19. Bxc2 Bxc2 20. Ra1 Nxd5 21. Nxa7 f6 22. Ng4 Bf4 23. g3 Bc7 24. Nb5 Bb6 25. Rac1 Bf5 26.
Nc3 e6 27. Nxd5 exd5 28. Re7 Bxg4 29. hxg4 Rf7 30. Rxf7 Kxf7 31. Rd1 Ke6 32. f4 Kd6 33. Kf2 Kc6 34. Ke3 Kb5 35. Kd3 g5 36. Rh1 gxf4 37. gxf4 Bc7 38. f5 Bf4 39. Rxh7 b6 40. Rf7 Bg5 41. Rg7 Bh4 42. Rh7 Bg5 43. Rd7 Kc6 44. Rg7 Kb5 45. Rxg5 1-0

[Event "Early-Titled-Tuesday-Blitz-May-14-2024"]
[Site "Chess.com"]
[Date "2024.05.14"]
[Round "4"]
[White "penguingm1"]
[Black "Saxar85"]
[Result "0-1"]
[WhiteElo "2808"]
[BlackElo "2786"]
[TimeControl "180+1"]
[EndTime "8:41:05 PDT"]
[Termination "Saxar85 won by resignation"]

1. d4 Nf6 2. c4 e6 3. Nc3 Bb4 4. Qc2 d5 5. cxd5 exd5 6. Bg5 h6 7.
Bh4 g5 8. Bg3 Ne4 9. e3 Bf5 10.
Bd3 Nc6 11. Ne2 Nxg3 12. Nxg3 Bxd3 13. Qxd3 Qd7 14. O-O O-O-O 15. Rac1 Kb8 16. Na4 Ne7 17. Nc5 Bxc5 18. Rxc5 h5 19. Rfc1 Rc8 20. b4 h4 21.
Nf1 h3 22. g3 c6 23. Nd2 Nf5 24. a4 Nd6 25. Qe2 f5 26. Qf3 Ne4 27. R5c2 Rhf8 28. Nxe4 fxe4 29. Qh5 g4 30. b5 cxb5 31. Qe5+ Ka8 32. Rc7 Rxc7 33. Rxc7 Rc8 34. Rc5 bxa4 35. Qxd5 Rxc5 36. Qxc5 a6 37. d5 Qb5 38. Qc1 Qxd5 39. Kf1 Ka7 40. Ke1 Qa5+ 41. Ke2 Qb5+ 42. Ke1 Qb4+ 43.
Ke2 a3 0-1

[Event "Early-Titled-Tuesday-Blitz-May-14-2024"]
[Site "Chess.com"]
[Date "2024.05.14"]
[Round "4"]
[White "vovachesss"]
[Black "FoggyMorning"]
[Result "1-0"]
[WhiteElo "2836"]
[BlackElo "2608"]
[TimeControl "180+1"]
[EndTime "8:41:07 PDT"]
[Termination "vovachesss won on time"]

1. e4 e6 2. d4 d5 3. Nc3 Bb4 4. Qd3 Nf6 5. e5 Nfd7 6. a3 Bf8 7. f4 c5 8. Nf3 Nc6 9. dxc5 Nxc5 10. Qe2 Be7 11. g3 b6 12. b4 Nd7 13. Bg2 Bb7 14. O-O Rc8 15. Bb2 O-O 16. Rad1 g6 17. g4 Qc7 18.
Kh1 Qb8 19. Qe3 Rce8 20. Ne2 f6 21. exf6 Bxf6 22. Bxf6 Nxf6 23. h3 Ne4 24. Nfd4 Nxd4 25. Nxd4 e5 26. fxe5 Qxe5 27. Kg1 Qc7 28. Rxf8+ Rxf8 29. Ne6 Qxc2 30. Rc1 Qb2 31. Nxf8 Kxf8 32. Rf1+ Kg8 33.
Qf4 Qg7 34. Qb8+ 1-0

[Event "Early-Titled-Tuesday-Blitz-May-14-2024"]
[Site "Chess.com"]
[Date "2024.05.14"]
[Round "4"]
[White "littlepinkyboy"]
[Black "Eloist"]
[Result "1-0"]
[WhiteElo "2679"]
[BlackElo "2454"]
[TimeControl "180+1"]
[EndTime "8:41:09 PDT"]
[Termination "littlepinkyboy won by resignation"]

1. e4 e6 2. d4 d5 3. Bd3 dxe4 4. Bxe4 Nf6 5. Bf3 c5 6. Ne2 Nc6 7. Be3 cxd4 8. Nxd4 Ne5 9. Qe2 Nxf3+ 10. Qxf3 e5 11.
Ne2 Qd5 12. Qxd5 Nxd5 13. Bd2 Bc5 14. c4 Nb4 15. Bxb4 Bxb4+ 16. Nbc3 Be6 17. b3 O-O 18. O-O-O Rfd8 19. Kb2 a6 20. a3 Bc5 21. Ne4 Be7 22.
f3 f5 23. N4c3 Bf6 24. Ka2 Kf7 25. Kb1 Rac8 26. Rxd8 Rxd8 27. Rd1 Rxd1+ 28. Nxd1 b5 29. cxb5 axb5 30. Kc2 Be7 31. b4 g5 32. Nec3 Bc4 33.
Ne3 Ke6 34. Nxc4 bxc4 35. Nd1 f4 36. Nc3 h5 37. h3 Kf5 38. Ne4 g4 39. hxg4+ hxg4 40. Kc3 gxf3 41. gxf3 Kg6 42. Kxc4 Kh5 43. Kd5 Kh4 44.
Kxe5 1-0